 Dungeon Crawl Stone Soup version 0.31-a0-507-gbafd7f5274 (webtiles) character file.

Game seed: 14824563241015323099

1657947 motkurizz the Conqueror (level 26, 265/265 (268) HPs)
             Began as a Minotaur Gladiator on Aug 9, 2023.
             Was a High Priest of Okawaru.
             Escaped with the Orb
             ... and 3 runes!
             The game lasted 03:39:40 (70788 turns).

motkurizz the Conqueror (Minotaur Gladiator)       Turns: 70788, Time: 03:39:41

HP:   265/265 (268) AC: 50    Str: 32    XL:     26   Next: 55%
MP:   47/47         EV: 27    Int:  8    God:    Okawaru [*****.]
Gold: 876           SH:  7    Dex: 20    Spells: 25/25 levels left

rFire   + . .        a - +9 executioner's axe (spect)
rCold   + + .        (shield currently unavailable)
rNeg    + . .        d - +11 gold dragon scales
rPois   +            y - +2 hat of the Solstice {rElec Int+4}
rElec   +            P - scarf {repulsion}
rCorr   .            o - +2 pair of gloves of the Unseen Realm {rPois Dex+3 Slay+2 Stlth+}
SInv    .            S - +0 pair of boots of Life {Contam Str+7}
Will    +....        Q - amulet "Doupif" {Reflect rElec rC+ rN+ Str-4 SH+5} Stlth
                     t - +5 ring of evasion
HPRegen 0.64/turn    q - ring of the Octopus King {HP+2 MP+9 AC+2 EV+2 SH+2}
MPRegen 0.30/turn

%: repel missiles, reflection
@: studying 2 skills, lightly drained
A: horns 2, retaliatory headbutt, iridescent scales 1, agile 1, high MP 1
0: Orb of Zot
}: 3/15 runes: barnacled, silver, gossamer
a: Renounce Religion, Heroism, Finesse, Duel


You escaped.
You worshipped Okawaru.
Okawaru was extremely pleased with you.
You visited 10 branches of the dungeon, and saw 48 of its levels.
You also visited: Trove, Gauntlet, Ice Cave, Volcano and Desolation.

You collected 8610 gold pieces.
You spent 7734 gold pieces at shops.

Inventory:

Hand Weapons
 a - a +9 spectral executioner's axe (weapon)
 b - the +9 battleaxe "Cejes" {flame, *Noise Fly rPois Stlth+}
   (Okawaru gifted it to you on level 3 of the Depths)

   rPois:     It protects you from poison Fly: It grants you flight.
   *Noise:    It may make noises in combat.
   Stlth+:    It makes you more stealthy.
 T - the +11 executioner's axe of Cuit {holy, Fragile +Blink rPois rN+}
   (You acquired it on level 2 of the Realm of Zot)

   rPois:     It protects you from poison rN+: It protects you from negative
   energy.
   +Blink:    It lets you blink.
   Fragile:   It will be destroyed if unequipped.
Missiles
 C - 10 throwing nets
 H - 30 silver javelins
Armour
 d - +11 gold dragon scales (worn)
 o - the +2 pair of gloves of the Unseen Realm (worn) {rPois Dex+3 Slay+2 Stlth+}
   (Okawaru gifted it to you in an ice cave)

   Dex+3:     It affects your dexterity (+3).
   Slay+2:    It affects your accuracy & damage with ranged weapons and melee
   (+2).
   rPois:     It protects you from poison Stlth+: It makes you more stealthy.
 y - the +2 hat of the Solstice (worn) {rElec Int+4}
   (Okawaru gifted it to you on level 11 of the Dungeon)

   Int+4:     It affects your intelligence (+4).
   rElec:     It insulates you from electricity.
 G - the +1 cloak of Starlight {*Dazzle EV+4 Stlth--}
   (Okawaru gifted it to you on level 5 of the Vaults)

   *Dazzle:   It may blind those who miss an attack against the wearer in melee
   combat.
   EV+4:      It affects your evasion (+4).
   Stlth--:   It makes you much less stealthy.
 P - a scarf of repulsion (worn)
 S - the +0 pair of boots of Life (worn) {Contam Str+7}
   (Okawaru gifted it to you on level 15 of the Dungeon)

   Str+7:     It affects your strength (+7).
   Contam:    It causes magical contamination when unequipped.
 W - the +9 ring mail "Afuv" {rF+ Will++}
   (Okawaru gifted it to you on level 3 of the Spider Nest)

   rF+:       It protects you from fire.
   Will++:    It greatly increases your willpower.
Jewellery
 h - the ring of Tennaots {Fly rPois rF++ rC- MP+9}
   (You took it off a merfolk javelineer on level 4 of the Shoals)

   [ring of magical power]

   rF++:      It greatly protects you from fire.
   rC-:       It makes you vulnerable to cold.
   rPois:     It protects you from poison MP+9: It affects your magic capacity
   (+9).
   Fly:       It grants you flight.
 k - a ring of see invisible
 q - a ring of the Octopus King (right hand) {HP+2 MP+9 AC+2 EV+2 SH+2}
   (You acquired it on level 1 of the Depths)

   [ring of magical power]

   AC+2:      It affects your AC (+2).
   EV+2:      It affects your evasion (+2).
   HP+2:      It affects your health (+2).
   MP+9:      It affects your magic capacity (+9).
   SH+2:      It affects your SH (+2).
 t - a +5 ring of evasion (left hand)
 B - the amulet of Dazisen {Reflect Slay+2 SH+5 SInv}
   (You bought it in a shop on level 2 of the Depths)

   [amulet of reflection]

   Reflect:   It reflects blocked missile attacks.
   Slay+2:    It affects your accuracy & damage with ranged weapons and melee
   (+2).
   SInv:      It lets you see invisible.
   SH+5:      It affects your SH (+5).
 E - the ring "Bowon" {+Blink rN+ Str+6 Dex-5}
   (You found it in the Desolation of Salt)

   [ring of strength]

   Str+6:     It affects your strength (+6).
   Dex-5:     It affects your dexterity (-5).
   rN+:       It protects you from negative energy.
   +Blink:    It lets you blink.
 I - a ring of protection from cold
 M - a ring of protection from fire
 Q - the amulet "Doupif" (around neck) {Reflect rElec rC+ rN+ Str-4 SH+5}
   (You found it in a treasure trove)

   [amulet of reflection]

   Reflect:   It reflects blocked missile attacks.
   Str-4:     It affects your strength (-4).
   rC+:       It protects you from cold.
   rElec:     It insulates you from electricity.
   rN+:       It protects you from negative energy.
   SH+5:      It affects your SH (+5).
 R - the amulet of Equilibrium {Reflect +Blink rF+ Str+2 SH+5}
   (You found it in a Gauntlet)

   [amulet of reflection]

   Reflect:   It reflects blocked missile attacks.
   Str+2:     It affects your strength (+2).
   rF+:       It protects you from fire.
   +Blink:    It lets you blink.
   SH+5:      It affects your SH (+5).
 X - a ring of resist corrosion
Wands
 c - a wand of digging (15)
 e - a wand of roots (27)
 i - a wand of acid (35) (quivered)
 L - a wand of mindburst (8)
 N - a wand of paralysis (26)
Scrolls
 l - 20 scrolls of teleportation
 m - 3 scrolls of blinking
 x - 8 scrolls of fog
 z - 6 scrolls of poison
 F - 4 scrolls of silence
 J - 2 scrolls of brand weapon
 O - 8 scrolls of fear
Potions
 f - 9 potions of berserk rage
 g - 6 potions of ambrosia
 j - 6 potions of enlightenment
 n - 2 potions of resistance
 p - 7 potions of might
 s - 19 potions of heal wounds
 u - 12 potions of mutation
 v - 4 potions of invisibility
 w - 14 potions of curing
 A - 3 potions of magic
 K - 7 potions of cancellation
 U - 3 potions of attraction
 V - 2 potions of haste
Miscellaneous
 D - a tin of tremorstones (inert)
 Y - a lightning rod (2/4)
 Z - a phial of floods


   Skills:
 O Level 27 Fighting
 - Level 2.0 Short Blades
 - Level 24.3 Axes
 - Level 16.0 Throwing
 O Level 27 Armour
 - Level 22.0 Dodging
 + Level 17.5 Invocations
 - Level 12.0 Evocations


You had 25 spell levels left.
You didn't know any spells.
Your spell library contained the following spells:

 Spells                   Type           Power      Damage    Failure   Level
 Apportation              Tloc           0%         N/A       90%         1
 Foxfire                  Conj/Fire      0%         2x1d4     90%         1
 Freeze                   Ice            0%         1d3       90%         1
 Kiss of Death            Conj/Necr      0%         2d5       90%         1
 Necrotise                Necr           0%         1d4       90%         1
 Sandblast                Erth           0%         2d4       90%         1
 Shock                    Conj/Air       0%         1d3       90%         1
 Sting                    Tmut/Pois      0%         1d3       90%         1
 Blink                    Tloc           0%         N/A       97%         2
 Passwall                 Tmut/Erth      0%         N/A       97%         2
 Poisonous Vapours        Pois/Air       0%         N/A       97%         2
 Scorch                   Fire           0%         2d5       97%         2
 Static Discharge         Conj/Air       0%         2-2/arc   97%         2
 Sublimation of Blood     Necr           0%         N/A       97%         2
 Wereblood                Tmut           0%         N/A       97%         2
 Confusing Touch          Hex            0%         N/A       99%         3
 Dazzling Flash           Conj/Hex       0%         N/A       99%         3
 Frozen Ramparts          Ice            0%         1d1       99%         3
 Gell's Gravitas          Tloc           0%         N/A       99%         3
 Hailstorm                Conj/Ice       0%         3d3       99%         3
 Ignite Poison            Fire/Tmut/Pois 0%         N/A       99%         3
 Inner Flame              Hex/Fire       0%         N/A       99%         3
 Mephitic Cloud           Conj/Pois/Air  0%         N/A       99%         3
 Ozocubu's Armour         Ice            0%         N/A       99%         3
 Portal Projectile        Hex/Tloc       0%         N/A       99%         3
 Stone Arrow              Conj/Erth      0%         3d7       99%         3
 Swiftness                Air            0%         N/A       99%         3
 Teleport Other           Tloc           0%         N/A       99%         3
 Vampiric Draining        Necr           0%         2d6       99%         3
 Vhi's Electric Charge    Tloc/Air       0%         N/A       99%         3
 Volatile Blastmotes      Fire/Tloc      0%         2d10      99%         3
 Airstrike                Air            0%         2d(0-16)  100%        4
 Cause Fear               Hex            0%         N/A       100%        4
 Dispel Undead            Necr           0%         3d6       100%        4
 Flame Wave               Conj/Fire      0%         2d4       100%        4
 Fulminant Prism          Conj/Hex       0%         3d5       100%        4
 Iskenderun's Mystic Bla  Conj/Tloc      0%         2d3       100%        4
 Leda's Liquefaction      Hex/Erth       0%         N/A       100%        4
 Manifold Assault         Tloc           0%         N/A       100%        4
 Passage of Golubria      Tloc           0%         N/A       100%        4
 Sticky Flame             Conj/Fire      0%         2d3       100%        4
 Agony                    Necr           0%         N/A       100%        5
 Arcjolt                  Conj/Air       0%         1d10      100%        5
 Fireball                 Conj/Fire      0%         3d3       100%        5
 Freezing Cloud           Conj/Ice/Air   0%         6-21      100%        5
 Lee's Rapid Deconstruct  Erth           0%         3d4*      100%        5
 Metabolic Englaciation   Hex/Ice        0%         N/A       100%        5
 Silence                  Hex/Air        0%         N/A       100%        5
 Yara's Violent Unravell  Hex/Tmut       0%         3d3       100%        5
 Conjure Ball Lightning   Conj/Air       0%         3x3d6     100%        6
 Dispersal                Tloc           0%         N/A       100%        6
 Leda's Unmaking          Conj/Erth      0%         9d1       100%        6
 Plasma Beam              Fire/Air       0%         2x1d10    100%        6
 Starburst                Conj/Fire      0%         6d3       100%        6
 Enfeeble                 Hex            0%         N/A       100%        7
 Orb of Destruction       Conj           0%         9d5       100%        7
 Ozocubu's Refrigeration  Ice            0%         4d7       100%        7
 Borgnjor's Revivificati  Necr           0%         N/A       100%        8
 Discord                  Hex            0%         N/A       100%        8
 Disjunction              Tloc           0%         N/A       100%        8
 Ignition                 Fire           0%         3d3       100%        8
 Lehudib's Crystal Spear  Conj/Erth      0%         10d2      100%        8
 Maxwell's Capacitive Co  Air            0%         ∞         100%        8
 Death's Door             Necr           0%         N/A       100%        9
 Summon Small Mammal      Summ           Unusable   N/A       N/A         1
 Summon Guardian Golem    Hex/Summ       Unusable   N/A       N/A         3
 Tukima's Dance           Hex            Unusable   N/A       N/A         3
 Summon Lightning Spire   Summ/Air       Unusable   N/A       N/A         4
 Summon Forest            Summ/Tloc      Unusable   N/A       N/A         5
 Summon Mana Viper        Hex/Summ       Unusable   N/A       N/A         5
 Simulacrum               Ice/Necr       Unusable   N/A       N/A         6
 Summon Cactus Giant      Summ           Unusable   N/A       N/A         6
 Haunt                    Necr/Summ      Unusable   N/A       N/A         7
 Spellforged Servitor     Conj/Summ      Unusable   N/A       N/A         7
 Dragon's Call            Summ           Unusable   N/A       N/A         9

Dungeon Overview and Level Annotations

Branches:
Dungeon (15/15)            Temple (1/1) D:7            Lair (5/5) D:8
 Shoals (4/4) Lair:3       Spider (4/4) Lair:2        Slime (0/5) Lair:5
    Orc (2/2) D:10            Elf (3/3) Orc:2        Vaults (5/5) D:13
  Crypt (0/3) Vaults:3     Depths (4/4) D:15            Zot (5/5) Depths:4
  IceCv (visited)         Volcano (visited)         Desolation (visited)
Gauntlet (visited)

Altars:
Ashenzari
Cheibriados
Dithmenos
Elyvilon
Fedhas
Gozag
Hepliaklqana
Kikubaaqudgha
Makhleb
Nemelex Xobeh
Okawaru
Qazlal
Ru
Sif Muna
Trog
Uskayaw
Vehumet
Wu Jian
Xom
Yredelemnul
Zin
The Shining One
Jiyva
Lugonu

Shops:
D:3 !   D:5 *!   D:11 [   D:12 *   Orc:2 ([![   Elf:3 :=:   Shoals:2 (
Vaults:1 [**(   Vaults:2 [   Vaults:3 (   Vaults:4 :[:*   Vaults:5 [?!:[!?(??!?
Depths:2 =

Portals:
Hell: Depths:1 Depths:2 Depths:4
Abyss: Depths:3
Pandemonium: Depths:2
Ziggurat: Depths:1

Annotations:
D:1 exclusion: downstairs
D:3 exclusion: downstairs
D:9 exclusion: downstairs
Lair:2 exclusion: downstairs
Lair:3 1 runed translucent door, Xoff's ghost, journeyman GnCj
Shoals:3 exclusion: downstairs
Shoals:4 1 exclusion
Spider:2 exclusion: 2 downstairs
Elf:3 1 exclusion
Vaults:3 exclusion: downstairs
Depths:3 Vv
Zot:4 exclusion: 4 doors
Zot:5 exclusion: obsidian statue


Innate Abilities, Weirdness & Mutations

You have a pair of horns on your head.
You reflexively headbutt those who attack you in melee.
You are partially covered in iridescent scales. (AC +2)
You are agile. (Dex +4, Str/Int -1)
You have an increased reservoir of magic. (+10% MP)


Message History

Things that are here:
a +0 robe; a +0 halberd
Items here: )) [[.
There is a stone staircase leading up here.
You climb upwards.
There is a stone staircase leading down, spattered with blood here.
There is a stone staircase leading up here.
You climb upwards.
There is a stone staircase leading down here.
There is a stone staircase leading up here.
You climb upwards.
There is a stone staircase leading down here.
An Orb Guardian comes into view.
The Orb Guardian hits you but does no damage.
You slice the Orb Guardian like a ripe choko!!!
You headbutt the Orb Guardian, but do no damage.
The Orb Guardian is heavily wounded.
Your +9 spectral executioner's axe hits the Orb Guardian!!!
You kill the Orb Guardian!
Okawaru accepts your kill.
No target in view!
What level of the Dungeon? (default 1, ? - help)
Your +9 spectral executioner's axe disappears.
HP restored.
Things that are here:
a +0 scale mail; a +0 hand axe
There is a stone staircase leading up, spattered with blood here.
You climb upwards.
Level annotation: exclusion: downstairs
There is a stone staircase leading down here.
You see here a +0 dagger.
There is a stone staircase leading up here.
You climb upwards.
There is a stone staircase leading down here.
There is a stone staircase leading up here.
You climb upwards.
Level annotation: exclusion: downstairs
There is a stone staircase leading down here.
There is a staircase leading out of the dungeon here.
You have escaped!

##.#.#...#.#...#.#.....##.##.....
...#.#####.#####.#...........##.#
...#......>......#.....#..#####.#
...###.#######.###.....#........#
.....#.#.....#.#.......#........#
...###.###.###.###..####.########
.#.#..>..#.#..>..#..# #...#
...#.###.#.#.###.#.## #...#
##.#.#.#.#.#.#.#@#.# #...#
#..###.###.###.###.####...#####
#.............................###
#................................
##.....#.##....#.##.....#.>...###
#.............#.#####.###÷####..
#######.##.#.##.# ##.## ##.###..
#.##.#.##.# #.## ##.##..
#.........# ##.## ##.###..


There were no monsters in sight!

Vanquished Creatures
  5 dread liches
  3 orbs of fire (Zot:5)
  2 ancient liches (Zot:5)
  4 juggernauts
  2 pandemonium lords (Depths:4)
  A shard shrike (IceCv)
  7 Killer Klowns
  6 caustic shrikes
  2 curse toes
  Saint Roka (Vaults:5)
  Nikola (Shoals:4)
  Norris (Elf:2)
  9 golden dragons
  16 tentacled monstrosities
  The ghost of Ciuzocro the Blocker, an adept GnFi of Gozag (Shoals:2)
  Zenata (Vaults:3)
  3 electric golems (Zot:5)
  Jorgrun (Spider:2)
  5 liches
  2 walking earthen tomes
  A walking crystal tome (Depths:3)
  A walking frostbound tome (Depths:3)
  Asterion (Vaults:3)
  28 Orb Guardians
  10 titans
  An acid blob (Zot:3)
  A kraken (Shoals:2)
  8 quicksilver dragons
  Frances (D:12)
  A walking divine tome (Depths:4)
  10 death cobs
  5 sphinxes
  Polyphemus (Shoals:4)
  Gastronok (Orc:1)
  11 shadow dragons
  17 storm dragons
  17 tengu reavers
  A draconian monk (Zot:2)
  A balrug (Zot:3)
  6 fire giants
  4 draconian knights
  13 vault wardens
  10 emperor scorpions
  18 frost giants
  3 imperial myrmidons (Desolation)
  4 deep elf sorcerers (Vaults:5)
  4 draconian scorchers
  Louise (Depths:3)
  4 iron dragons
  An orc warlord (Vaults:3)
  6 ghost moths
  A curse skull (Zot:3)
  4 draconian shifters
  A draconian stormcaller (Zot:2)
  A broodmother (Spider:4)
  5 spriggan defenders
  An angel (Shoals:4)
  The ghost of Pouhacac the Imperceptible, an adept SpEn of Okawaru (Shoals:2)
  14 stone giants
  14 ironbound preservers
  2 formless jellyfish
  4 war gargoyles
  9 green draconians
  A reaper (Depths:4)
  A vampire knight (Depths:2)
  2 ironbound thunderhulks
  2 deep elf demonologists (Vaults:5)
  24 very ugly things
  4 deep elf annihilators
  The ghost of Zigemok the Imperceptible, a journeyman SpEn of Dithmenos (Shoals:2)
  8 dire elephants
  9 red draconians
  14 yellow draconians
  A minotaur (Gauntlet)
  A white draconian (shapeshifter) (Zot:3)
  A red draconian (shapeshifter) (Zot:3)
  6 black draconians
  2 purple draconians (shapeshifter) (Zot:3)
  9 spark wasps
  7 purple draconians
  A yellow draconian (shapeshifter) (Zot:3)
  7 white draconians
  A halazid warlock (Desolation)
  2 deep elf death magi
  10 ettins
  Snorg (Orc:1)
  6 merfolk javelineers
  2 crystal guardians (Zot:3)
  15 fire dragons
  Josephine (D:12)
  11 merfolk impalers
  6 ragged hierophants (Desolation)
  21 yaktaur captains
  3 great orbs of eyes
  5 ice dragons
  A hydra (shapeshifter) (Depths:3)
  3 rakshasas
  30 vault guards
  7 entropy weavers
  18 centaur warriors
  13 ironbound frosthearts
  An ogre mage (Vaults:5)
  10 hydras
  6 spriggan air magi
  A radroach (Spider:1)
  9 servants of whispers (Desolation)
  12 merfolk aquamancers
  5 boulder beetles
  9 peacekeepers
  5 jorogumos
  Erica (D:10)
  3 merfolk avatars
  2 satyrs
  28 dancing weapons
  5 catoblepae
  8 demonic crawlers
  14 tengu warriors
  25 death yaks
  7 two-headed ogres
  6 spriggan berserkers
  10 deep troll shamans
  9 deep troll earth magi
  3 orc high priests
  2 vampire magi
  Urug (D:10)
  11 hell knights
  A storm dragon zombie (Depths:2)
  7 spriggans (Depths:4)
  3 sun demons (Depths:1)
  The ghost of qborf the Grappler, a novice TrSh of Elyvilon (D:8)
  3 soul eaters (Depths:1)
  15 deep elf knights
  7 iron trolls
  2 cherubim (Shoals:4)
  4 skeletal warriors
  Amaemon (Lair:1)
  6 pharaoh ants
  A salamander mystic (Depths:1)
  A sun moth (Spider:1)
  9 skysharks
  Lodul (D:12)
  A shadow wraith (Vaults:5)
  16 sea snakes
  A spark wasp zombie (Depths:2)
  A flayed ghost (Depths:2)
  2 glowing orange brains
  58 deep trolls
  6 wizards
  7 orc knights
  8 orb spiders
  12 deep elf archers
  14 lindwurms
  An orange crystal statue (IceCv)
  4 phantasmal warriors
  18 ironbound convokers
  14 necromancers
  Pikel (D:9)
  A tengu zombie (Depths:2)
  17 harpies
  4 steelbarb worms (Spider:4)
  29 deep elf zephyrmancers
  A golden dragon skeleton (Depths:1)
  17 deep elf pyromancers
  An oklob plant (Lair:4)
  A shining eye (shapeshifter) (Depths:1)
  9 orc sorcerers
  A stone giant zombie (Depths:1)
  39 ugly things
  A faun (shapeshifter) (Depths:3)
  18 fauns
  An iron dragon skeleton (Depths:2)
  24 moths of wrath
  15 wolf spiders
  5 cyclopes
  14 manticores
  10 merfolk sirens
  20 elephants
  5 salamanders
  Maurice (Orc:1)
  14 vault sentinels
  4 smoke demons
  6 black mambas
  A gargoyle (D:14)
  5 water nymphs
  11 guardian serpents
  16 cane toads
  6 torpor snails
  A minotaur zombie (Gauntlet)
  An unseen horror (D:12)
  2 orange demons
  27 rime drakes
  2 efreet (D:14)
  A freezing wraith (Vaults:5)
  A human zombie (Vaults:4)
  9 tengu conjurers
  A komodo dragon (shapeshifter) (D:13)
  29 yaktaurs
  A kobold demonologist (D:13)
  12 komodo dragons
  A spark wasp simulacrum (Depths:2)
  An ice devil (Depths:4)
  5 trolls
  25 merfolk
  2 hellwings
  A harpy zombie (Zot:3)
  6 meliai
  17 polar bears
  A wind drake (shapeshifter) (D:14)
  8 hornets
  A tyrant leech (Gauntlet)
  A snapping turtle (shapeshifter) (Vaults:2)
  19 tarantellas
  20 blink frogs
  3 raiju (Zot:3)
  9 wind drakes
  62 saltlings (Desolation)
  Grinder (D:4)
  8 dream sheep
  A dream sheep (shapeshifter) (Vaults:5)
  A blink frog (shapeshifter) (D:13)
  10 snapping turtles
  22 jumping spiders
  6 air elementals
  18 culicivoras
  4 centaur simulacra (Gauntlet)
  6 wyverns
  A spriggan skeleton (Depths:1)
  28 slime creatures
  8 wraiths
  3 shadows (Gauntlet)
  65 yaks
  A fire bat (shapeshifter) (Spider:2)
  24 water elementals
  4 fire elementals
  5 basilisks
  A chaos spawn (Depths:4)
  A fire bat (Volcano)
  A basilisk (shapeshifter) (Elf:3)
  51 redbacks
  5 steam dragons
  12 vampire mosquitoes
  3 wargs
  3 acid dragons
  2 swamp worms (Gauntlet)
  17 water moccasins
  3 hell hounds (Volcano)
  2 black bears
  23 orc warriors
  3 ice beasts
  3 sky beasts (D:7)
  20 wolves
  12 ogres
  An ettin simulacrum (Vaults:4)
  5 boggarts (D:15)
  33 centaurs
  The ghost of Flippered the Grave Robber, an amateur DENe of Vehumet (D:3)
  2 kobold brigands
  9 bullfrogs
  8 scorpions
  An earth elemental (Elf:1)
  22 wights
  4 killer bees (D:11)
  3 howler monkeys (D:8)
  6 electric eels
  7 jellies
  A wyvern simulacrum (Gauntlet)
  25 orc priests
  9 hounds
  3 sleepcaps
  2 iguanas
  45 orc wizards
  A hell rat (Lair:2)
  11 gnolls
  5 adders
  A white imp (D:8)
  2 ufetubi
  3 worms
  7 dart slugs
  83 orcs
  10 ball pythons
  8 endoplasms
  3 giant cockroaches
  7 hobgoblins
  4 jackals
  19 kobolds
  2 quokkas
  9 bats
  5 frilled lizards
  9 goblins
  7 rats
  A spectral orc (D:9)
  A butterfly (Zot:3)
  2 spectral weapons
  3 tentacles (Shoals:2)
2331 creatures vanquished.

Vanquished Creatures (others)
  A draconian scorcher (Zot:5)
  A dire elephant (Vaults:1)
  A catoblepas (Shoals:4)
  A soul eater (Depths:1)
  A wizard (D:9)
  A cyclops (Shoals:4)
  A slime creature (Vaults:1)
  A snapping turtle (Shoals:4)
  A dream sheep (Shoals:4)
  A chaos spawn (Depths:4)
  An orc wizard (Orc:2)
  35 spectral weapons
  4 tentacles (Shoals:2)
50 creatures vanquished.

Grand Total: 2381 creatures vanquished

Notes
Turn   | Place    | Note
-------+----------+-------------------------------------------
     0 | D:1      | motkurizz the Minotaur Gladiator began the quest for the
                  | Orb.
     0 | D:1      | Reached XP level 1. HP: 18/18 MP: 0/0
   176 | D:1      | Reached XP level 2. HP: 25/26 MP: 1/1
   471 | D:1      | Reached skill level 1 in Short Blades
   679 | D:1      | Reached XP level 3. HP: 27/31 MP: 2/2
  1137 | D:2      | Reached skill level 1 in Armour
  1171 | D:2      | Found a shadowy altar of Dithmenos.
  1401 | D:2      | Reached XP level 4. HP: 40/40 MP: 3/3
  1556 | D:3      | Found Baguvo Lejo's Distillery.
  1563 | D:3      | Bought a potion of heal wounds for 55 gold pieces
  1628 | D:3      | Found a shadowy altar of Dithmenos.
  2057 | D:3      | Found a faded altar of an unknown god.
  2192 | D:3      | Found a runed translucent door.
  2196 | D:3      | Noticed Flippered's ghost (amateur DENe)
  2284 | D:3      | Reached XP level 5. HP: 47/47 MP: 4/4
  2681 | D:4      | Reached skill level 5 in Fighting
  2743 | D:3      | Reached XP level 6. HP: 53/56 MP: 5/5
  3134 | D:4      | Found a hazy altar of Hepliaklqana.
  3154 | D:4      | Found a glowing silver altar of Zin.
  3346 | D:4      | Noticed Grinder
  3687 | D:4      | Killed Grinder
  3688 | D:4      | Reached skill level 5 in Armour
  3688 | D:4      | Reached XP level 7. HP: 53/64 MP: 6/6
  4014 | D:5      | Entered Level 5 of the Dungeon
  4385 | D:5      | Reached XP level 8. HP: 64/74 MP: 7/7
  4468 | D:5      | Found Xiff's Distillery.
  4485 | D:5      | Bought a potion of degeneration for 14 gold pieces
  4568 | D:5      | Found Jatiu's CLEARANCE SALE!.
  4576 | D:5      | Bought a scroll of identify for 12 gold pieces
  4576 | D:5      | Bought a potion of enlightenment for 30 gold pieces
  5110 | D:6      | Found a sparkling altar of Nemelex Xobeh.
  5246 | D:6      | Found an opulent altar of Gozag.
  6027 | D:6      | Reached skill level 5 in Axes
  6139 | D:7      | Reached XP level 9. HP: 83/84 MP: 8/8
  6163 | D:7      | Found a staircase to the Ecumenical Temple.
  6172 | Temple   | Entered the Ecumenical Temple
  6188 | Temple   | Became a worshipper of Warmaster Okawaru
  6212 | D:7      | Found a snail-covered altar of Cheibriados.
  6270 | D:7      | Reached skill level 10 in Fighting
  6436 | D:7      | Found a white marble altar of Elyvilon.
  6524 | D:7      | Found an ancient bone altar of Kikubaaqudgha.
  6527 | D:7      | Found a blossoming altar of Fedhas.
  6580 | D:7      | Found a burning altar of Makhleb.
  6806 | D:7      | Reached * piety under Okawaru
  7749 | D:8      | Reached skill level 10 in Axes
  7984 | D:8      | Noticed a troll
  7999 | D:8      | Killed a troll
  7999 | D:8      | Reached ** piety under Okawaru
  8000 | D:8      | Reached XP level 10. HP: 76/93 MP: 9/9
  8037 | D:8      | Found a staircase to the Lair.
  8240 | D:8      | Found a runed translucent door.
  8241 | D:8      | Noticed qborf's ghost (novice TrSh)
  8499 | D:8      | Found a shimmering altar of Xom.
  8606 | D:8      | Reached *** piety under Okawaru
  8607 | D:8      | Reached skill level 1 in Invocations
  9338 | D:9      | Noticed Pikel
  9347 | D:9      | Killed Pikel
  9347 | D:9      | Reached **** piety under Okawaru
  9457 | D:9      | Found a broken altar of Ashenzari.
  9530 | D:9      | Found a basalt altar of Yredelemnul.
  9584 | D:9      | Found a bloodstained altar of Trog.
  9586 | D:9      | Noticed a wizard
  9592 | D:9      | Killed a wizard
  9667 | D:10     | Entered Level 10 of the Dungeon
  9773 | D:10     | Noticed Urug
  9894 | Lair:1   | Entered Level 1 of the Lair of Beasts
  9948 | Lair:1   | Noticed an orange demon
  9948 | Lair:1   | Noticed Amaemon
  9961 | Lair:1   | Killed an orange demon
 10098 | Lair:1   | Reached XP level 11. HP: 63/99 MP: 13/13
 10247 | Lair:1   | Killed Amaemon
 10247 | Lair:1   | Reached ***** piety under Okawaru
 10313 | Lair:1   | Reached skill level 5 in Invocations
 10333 | Lair:1   | Reached skill level 15 in Axes
 11153 | Lair:2   | Found a gate leading to a gauntlet.
 11168 | Lair:2   | Received a gift from Okawaru
 11191 | Gauntlet | Entered a Gauntlet
 11191 | Gauntlet | Found a transporter.
 11191 | Gauntlet | Found a transporter.
 11196 | Gauntlet | Found a transporter.
 11200 | Gauntlet | Found a transporter.
 11200 | Gauntlet | Found a transporter.
 11200 | Gauntlet | Found a transporter.
 11220 | Gauntlet | Found a runed translucent door.
 11232 | Gauntlet | Found a runed translucent gate.
 11232 | Gauntlet | Found a runed translucent gate.
 11232 | Gauntlet | Found a runed translucent gate.
 11236 | Gauntlet | Found a transporter.
 11240 | Gauntlet | Found a transporter.
 11248 | Gauntlet | Found a transporter.
 11248 | Gauntlet | Found the +7 captain's cutlass {speed, disarm}
 11275 | Gauntlet | Found a runed translucent door.
 11277 | Gauntlet | Found a transporter.
 11279 | Gauntlet | Found a runed translucent door.
 11291 | Gauntlet | Found a transporter.
 11295 | Gauntlet | Found a transporter.
 11457 | Gauntlet | Identified the amulet of Equilibrium {Reflect +Blink rF+
                  | Str+2 SH+5}
 11503 | Gauntlet | Identified the -2 pair of boots of the Rose {Rampage rPois
                  | rF- rCorr}
 11535 | Gauntlet | Noticed a minotaur
 11552 | Gauntlet | Killed a minotaur
 11613 | Gauntlet | Reached XP level 12. HP: 43/108 MP: 13/16
 12085 | Lair:2   | Reached skill level 10 in Armour
 12290 | D:8      | Killed qborf's ghost
 12291 | D:8      | Reached skill level 5 in Dodging
 12371 | D:10     | Noticed a two-headed ogre
 12374 | D:10     | Killed a two-headed ogre
 12638 | D:10     | Noticed Erica
 12645 | D:10     | Killed Erica
 12835 | D:10     | Found a staircase to the Orcish Mines.
 12893 | D:10     | Killed Urug
 12894 | D:10     | Reached skill level 1 in Evocations
 13123 | Lair:2   | Noticed a death yak
 13132 | Lair:2   | Killed a death yak
 13161 | Lair:2   | Noticed a death yak
 13168 | Lair:2   | Killed a death yak
 13509 | Lair:2   | Identified the +2 hat of the Ikuchi {Dex+2} (Okawaru gifted
                  | it to you on level 2 of the Lair of Beasts)
 13509 | Lair:2   | Received a gift from Okawaru
 13625 | Lair:2   | Noticed a death yak
 13636 | Lair:2   | Killed a death yak
 13646 | Lair:2   | Reached XP level 13. HP: 90/117 MP: 18/18
 14277 | Lair:2   | Received a gift from Okawaru
 14385 | Lair:2   | Found a hole to the Spider Nest.
 14388 | Lair:2   | Reached skill level 5 in Evocations
 15150 | Lair:4   | Reached ****** piety under Okawaru
 15334 | Lair:4   | Found an ornate altar of the Wu Jian Council.
 15334 | Lair:4   | Found a hide-covered altar of Uskayaw.
 15355 | Lair:4   | Identified the +6 dagger "Asovesugink" {vamp, *Slow +Blink
                  | rElec Str+5} (Okawaru gifted it to you on level 4 of the
                  | Lair of Beasts)
 15355 | Lair:4   | Received a gift from Okawaru
 16284 | Lair:5   | Entered Level 5 of the Lair of Beasts
 16333 | Lair:5   | Reached XP level 14. HP: 127/127 MP: 19/19
 16337 | Lair:4   | Identified the -1 pair of gloves of Yesterday {rC+}
                  | (Okawaru gifted it to you on level 4 of the Lair of Beasts)
 16337 | Lair:4   | Received a gift from Okawaru
 16726 | Orc:1    | Entered Level 1 of the Orcish Mines
 16726 | Orc:1    | Noticed Maurice
 16731 | Orc:1    | Killed Maurice
 16774 | Orc:1    | Found a dark tunnel.
 16873 | Orc:1    | Noticed Gastronok
 16886 | Orc:1    | Killed Gastronok
 16984 | Volcano  | Entered a volcano
 17423 | Orc:1    | Noticed Snorg
 17431 | Orc:1    | Killed Snorg
 17984 | Orc:2    | Entered Level 2 of the Orcish Mines
 18521 | Lair:3   | Found a staircase to the Shoals.
 18618 | Lair:3   | Received a gift from Okawaru
 18619 | Lair:3   | Found a runed translucent door.
 18721 | Lair:3   | Noticed Xoff's ghost (journeyman GnCj)
 18864 | Lair:3   | Reached skill level 10 in Invocations
 20160 | Lair:5   | Reached XP level 15. HP: 121/138 MP: 21/21
 20161 | Lair:5   | Received a gift from Okawaru
 20464 | Lair:5   | Found a staircase to the Slime Pits.
 20507 | Lair:5   | Found a viscous altar of Jiyva.
 21432 | Orc:2    | Found a staircase to the Elven Halls.
 21852 | Orc:2    | Reached skill level 15 in Fighting
 21854 | Orc:2    | Found Olatugef's Armour Emporium.
 21854 | Orc:2    | Found Lohog's Armour Shoppe.
 21854 | Orc:2    | Found Ovobasamm's Distillery.
 21858 | Orc:2    | Found Quzich's Weapon Emporium.
 21863 | Orc:2    | Bought a potion of haste for 150 gold pieces
 22589 | D:11     | Found Vuohyckir's Armour Boutique.
 22606 | D:11     | Identified the +2 hat of the Solstice {rElec Int+4}
                  | (Okawaru gifted it to you on level 11 of the Dungeon)
 22606 | D:11     | Received a gift from Okawaru
 23758 | D:12     | Noticed Lodul
 23766 | D:12     | Killed Lodul
 23846 | D:12     | Noticed Frances
 23858 | D:12     | Killed Frances
 23988 | D:12     | Found Kieledd's Fire Supplies.
 23994 | D:12     | Bought a ring of protection from fire for 375 gold pieces
 24316 | D:12     | Reached skill level 10 in Dodging
 24503 | D:12     | Noticed Josephine
 24508 | D:12     | Killed Josephine
 25127 | D:13     | Found a gate to the Vaults.
 25343 | D:13     | Reached skill level 15 in Armour
 25732 | D:14     | Found an iron altar of Okawaru.
 25866 | D:14     | Received a gift from Okawaru
 26046 | D:14     | Reached XP level 16. HP: 151/151 MP: 22/22
 26765 | D:14     | Found a radiant altar of Vehumet.
 27030 | D:14     | Identified the +0 cloak of Uskayaw, Blushing {Regen+ Str+2
                  | Dex+4}
 27037 | D:15     | Entered Level 15 of the Dungeon
 27774 | D:15     | Identified the +0 pair of boots of Life {Contam Str+7}
                  | (Okawaru gifted it to you on level 15 of the Dungeon)
 27774 | D:15     | Received a gift from Okawaru
 27852 | D:15     | Found a staircase to the Depths.
 28105 | Orc:2    | Bought the +1 chain mail of Axod Emy {rPois Slay+3} for 366
                  | gold pieces
 28153 | Orc:2    | Bought a potion of curing for 45 gold pieces
 28153 | Orc:2    | Bought a potion of curing for 45 gold pieces
 28153 | Orc:2    | Bought a potion of curing for 45 gold pieces
 28353 | Spider:1 | Entered Level 1 of the Spider Nest
 29755 | Spider:2 | Noticed Jorgrun
 29767 | Spider:2 | Killed Jorgrun
 30663 | Spider:3 | Identified the +9 ring mail "Afuv" {rF+ Will++} (Okawaru
                  | gifted it to you on level 3 of the Spider Nest)
 30663 | Spider:3 | Received a gift from Okawaru
 30681 | Spider:3 | Identified the +1 leather armour "Zipny" {Contam Rampage
                  | rN+++ Str+4}
 30686 | Spider:3 | Identified the +1 robe of Creativity {rC+}
 31076 | Spider:4 | Entered Level 4 of the Spider Nest
 31103 | Spider:4 | Reached XP level 17. HP: 130/161 MP: 24/24
 31795 | Spider:4 | Identified a scroll of acquirement
 31796 | Spider:4 | Acquired a +1 executioner's axe of pain
 32111 | Spider:4 | Received a gift from Okawaru
 32562 | Spider:4 | Received a gift from Okawaru
 32669 | Spider:4 | Identified the +8 battleaxe of Karma {heavy, +Blink Int+3
                  | Stlth+} (Okawaru gifted it to you on level 4 of the Spider
                  | Nest)
 32669 | Spider:4 | Received a gift from Okawaru
 32951 | Spider:4 | Got a gossamer rune of Zot
 33269 | Shoals:1 | Entered Level 1 of the Shoals
 33944 | Shoals:1 | Received a gift from Okawaru
 34730 | Shoals:2 | Noticed a kraken
 34742 | Shoals:2 | Killed a kraken
 34991 | Shoals:2 | Found a runed translucent gate.
 34991 | Shoals:2 | Found a runed translucent gate.
 34991 | Shoals:2 | Found a runed translucent gate.
 35070 | Shoals:2 | Noticed Pouhacac's ghost (adept SpEn)
 35070 | Shoals:2 | Noticed Ciuzocro's ghost (adept GnFi)
 35071 | Shoals:2 | Noticed Zigemok's ghost (journeyman SpEn)
 35086 | Shoals:2 | Killed Zigemok's ghost
 35098 | Shoals:2 | Killed Ciuzocro's ghost
 35099 | Shoals:2 | Reached XP level 18. HP: 147/173 MP: 26/26
 35103 | Shoals:2 | Killed Pouhacac's ghost
 35111 | Shoals:2 | Identified the +3 robe of Tul Noc {Drain rF+ rCorr}
 35360 | Shoals:2 | Received a gift from Okawaru
 35426 | Shoals:2 | You are sucked into a shaft and drop 1 floor!
 35838 | Shoals:2 | Found Kory's Antique Weapon Emporium.
 36777 | Shoals:4 | Entered Level 4 of the Shoals
 37483 | Shoals:4 | Noticed Nikola
 37514 | Shoals:4 | Noticed Polyphemus
 37526 | Shoals:4 | Killed Polyphemus
 37757 | Shoals:4 | Killed Nikola
 38035 | Shoals:4 | Identified the ring of Tennaots {Fly rPois rF++ rC- MP+9}
 38082 | Shoals:4 | Found a glowing silver altar of Zin.
 38320 | Shoals:4 | Identified the +3 plate armour "Jakk" {Int+3}
 38348 | Shoals:4 | Found a glowing golden altar of the Shining One.
 38719 | Shoals:4 | Found a white marble altar of Elyvilon.
 38793 | Shoals:4 | Received a gift from Okawaru
 38823 | Shoals:4 | Got a barnacled rune of Zot
 39344 | Depths:1 | Entered Level 1 of the Depths
 39385 | Depths:1 | Noticed a lich
 39393 | Depths:1 | Reached skill level 10 in Evocations
 39394 | Depths:1 | Killed a lich
 39495 | Depths:1 | Found the +6 Majin-Bo {spellvamp, MP+6 Int+6}
 39638 | Depths:1 | Identified the +0 pair of boots "Apsasor" {rElec Int+4
                  | Slay+3} (Okawaru gifted it to you on level 1 of the Depths)
 39638 | Depths:1 | Received a gift from Okawaru
 39667 | Depths:1 | Noticed a juggernaut
 39683 | Depths:1 | Killed a juggernaut
 39684 | Depths:1 | Reached XP level 19. HP: 142/184 MP: 25/27
 39746 | Depths:1 | Found a gateway to Hell.
 39774 | Depths:1 | Gained mutation: You are clumsy. (Dex -2) [a shining eye]
 40079 | Depths:1 | Found a one-way gateway to a ziggurat.
 40110 | Depths:1 | Acquired a ring of the Octopus King {HP+2 MP+9 AC+2 EV+2
                  | SH+2}
 40110 | Depths:1 | Found the ring of the Octopus King {HP+2 MP+9 AC+2 EV+2
                  | SH+2}
 40502 | Depths:1 | Identified the +4 hand axe of Ymudgha {venom, Drain rPois
                  | Dex+3}
 40590 | Depths:2 | Found Arisy's Jewellery Shop.
 40595 | Depths:2 | Found a one-way gate leading to the halls of Pandemonium.
 40598 | Depths:2 | Bought the amulet of Dazisen {Reflect Slay+2 SH+5 SInv} for
                  | 992 gold pieces
 40758 | Depths:2 | Noticed a caustic shrike
 40773 | Depths:2 | Killed a caustic shrike
 40990 | Depths:2 | Noticed a caustic shrike
 40997 | Depths:2 | Killed a caustic shrike
 41040 | Depths:2 | Received a gift from Okawaru
 42675 | Depths:2 | Identified the +0 buckler of Idealism {Harm rPois Int-3
                  | Dex+3} (Okawaru gifted it to you on level 2 of the Depths)
 42675 | Depths:2 | Received a gift from Okawaru
 43154 | Depths:2 | Reached XP level 20. HP: 198/198 MP: 29/29
 43875 | Vaults:1 | Entered Level 1 of the Vaults
 43921 | Vaults:1 | Found a crumbling gateway.
 43957 | Desolati | Entered the Desolation of Salt
 43993 | Desolati | Reached skill level 15 in Dodging
 44157 | Desolati | Identified the +3 shortbow of Vengeance {heavy, Contam
                  | rPois Dex+2}
 44176 | Desolati | Identified the +6 halberd "Xuweamosio" {venom, Fragile
                  | rCorr Int+3 Stlth+}
 44180 | Desolati | Got the Papyrus of Blasphemous Rites
 44184 | Desolati | Identified the +3 buckler "Tunwuav" {rElec}
 44276 | Desolati | Identified the +0 shortbow "Zaut" {flame, Dex+5}
 44453 | Desolati | Identified the +0 chain mail of Agnosticism {Rampage rElec
                  | Int-2}
 44536 | Desolati | Received a gift from Okawaru
 44543 | Desolati | Identified the +7 arbalest "Jekhucs" {antimagic, rElec
                  | Will+ Str+4 SInv}
 44569 | Desolati | Got the Discursus on Sickening Incandescence
 44578 | Desolati | Identified the ring "Bowon" {+Blink rN+ Str+6 Dex-5}
 44993 | Vaults:1 | Got Podet's Guidebook on Vicissitude and Superposition
 45079 | Vaults:1 | Found Ufiwk's Antique Weapon Emporium.
 45288 | Vaults:1 | Found Piyfud's General Store.
 45291 | Vaults:1 | Bought a scroll of fear for 44 gold pieces
 45291 | Vaults:1 | Bought a scroll of enchant armour for 82 gold pieces
 45557 | Vaults:1 | Found Fiakhys's General Store.
 45567 | Vaults:1 | Bought a potion of enlightenment for 90 gold pieces
 45654 | Vaults:1 | Identified the +0 crystal plate armour of Proximity {SInv}
                  | (Okawaru gifted it to you on level 1 of the Vaults)
 45654 | Vaults:1 | Received a gift from Okawaru
 45730 | Vaults:1 | Found Muatwewn's Antique Armour Boutique.
 46130 | Vaults:2 | Reached skill level 15 in Invocations
 46314 | Vaults:2 | Identified the +7 falchion "Ajelaus" {flame, rElec MP+9
                  | Str+4}
 46429 | Vaults:2 | Reached XP level 21. HP: 185/207 MP: 31/31
 47041 | Vaults:2 | Found Qorhira's Armour Shop.
 47619 | Vaults:3 | Noticed Zenata
 47638 | Vaults:3 | Killed Zenata
 48211 | Vaults:3 | Noticed Asterion
 48221 | Vaults:3 | Killed Asterion
 48776 | Vaults:3 | Found Bobonk's Weapon Emporium.
 48835 | Vaults:3 | Found a staircase to the Crypt.
 48913 | Vaults:3 | Identified the +9 quarterstaff "Duseezes" {chaos, rF+
                  | Dex+3} (Okawaru gifted it to you on level 3 of the Vaults)
 48913 | Vaults:3 | Received a gift from Okawaru
 49258 | Vaults:4 | Found Lontad's Book Emporium.
 49259 | Vaults:4 | Found Ubukhaic's Antique Armour Shop.
 49483 | Vaults:4 | Found Rexeh's Magic Scroll Shoppe.
 49725 | Vaults:4 | Found Xuinakko's Book Boutique.
 49735 | Vaults:4 | Found Azaushak's Assorted Antiques.
 50185 | Vaults:4 | Identified the +6 plate armour of Lachrymose Music {rF+}
 50838 | D:5      | Bought a scroll of enchant weapon for 45 gold pieces
 50864 | D:5      | Bought a potion of invisibility for 112 gold pieces
 50864 | D:5      | Bought 2 potions of heal wounds for 140 gold pieces
 50931 | D:3      | Bought a potion of heal wounds for 55 gold pieces
 50931 | D:3      | Bought a potion of heal wounds for 55 gold pieces
 50931 | D:3      | Bought a potion of berserk rage for 55 gold pieces
 50931 | D:3      | Bought a potion of mutation for 88 gold pieces
 50931 | D:3      | Bought 2 potions of mutation for 176 gold pieces
 50968 | D:3      | Killed Flippered's ghost
 51490 | Depths:3 | Identified the +9 battleaxe "Cejes" {flame, *Noise Fly
                  | rPois Stlth+} (Okawaru gifted it to you on level 3 of the
                  | Depths)
 51490 | Depths:3 | Received a gift from Okawaru
 51802 | Depths:3 | Noticed a juggernaut
 51809 | Depths:3 | Killed a juggernaut
 51810 | Depths:3 | Reached XP level 22. HP: 158/215 MP: 32/32
 52120 | Depths:3 | Noticed Louise
 52127 | Depths:3 | Killed Louise
 52435 | Depths:3 | Identified the +6 rapier of Floods {pain, Fly rElec rCorr
                  | Str+5}
 52634 | Depths:3 | Received a gift from Okawaru
 52679 | Depths:3 | Noticed Vv
 53073 | Depths:3 | Found a one-way gate to the infinite horrors of the Abyss.
 53116 | Depths:4 | Entered Level 4 of the Depths
 53372 | Depths:4 | Noticed a juggernaut
 53379 | Depths:4 | Killed a juggernaut
 53582 | Depths:4 | Noticed a golden dragon
 53587 | Depths:4 | Killed a golden dragon
 53646 | Depths:4 | Received a gift from Okawaru
 54067 | Depths:4 | Noticed a caustic shrike
 54067 | Depths:4 | Noticed a caustic shrike
 54067 | Depths:4 | Noticed a caustic shrike
 54067 | Depths:4 | Noticed a caustic shrike
 54073 | Depths:4 | Killed a caustic shrike
 54073 | Depths:4 | Killed a caustic shrike
 54075 | Depths:4 | Killed a caustic shrike
 54080 | Depths:4 | Killed a caustic shrike
 54107 | Depths:4 | Received a gift from Okawaru
 54497 | Depths:4 | Noticed a golden dragon
 54516 | Depths:4 | Killed a golden dragon
 54760 | Depths:4 | Noticed a juggernaut
 54767 | Depths:4 | Killed a juggernaut
 55013 | Depths:4 | Found a gate to the Realm of Zot.
 55145 | Depths:4 | Received a gift from Okawaru
 55748 | Elf:1    | Entered Level 1 of the Elven Halls
 55789 | Elf:1    | Found a portal to a secret trove of treasure.
 55810 | Elf:1    | You paid a toll of 3 potions of resistance to enter a
                  | treasure trove
 55811 | Trove    | Entered a treasure trove
 55826 | Trove    | Identified the ring of Yfodod {Fire rPois rN++ Str-5
                  | Stlth+}
 55828 | Trove    | Identified the ring of Amorality {rPois Int+6}
 55832 | Trove    | Identified the amulet "Doupif" {Reflect rElec rC+ rN+ Str-4
                  | SH+5}
 55918 | Elf:1    | Found a frozen archway.
 55922 | IceCv    | Entered an ice cave
 55927 | IceCv    | Reached XP level 23. HP: 221/221 MP: 34/34
 56087 | IceCv    | Identified the +2 pair of gloves of the Unseen Realm {rPois
                  | Dex+3 Slay+2 Stlth+} (Okawaru gifted it to you in an ice
                  | cave)
 56087 | IceCv    | Received a gift from Okawaru
 56292 | IceCv    | Found the +4 skin of Zhor {*Englaciate rC+++ SInv}
 56340 | IceCv    | Noticed a shard shrike
 56350 | IceCv    | Killed a shard shrike
 57552 | Elf:2    | Noticed Norris
 57565 | Elf:2    | Killed Norris
 58259 | Vaults:4 | Bought a manual of Fighting for 1280 gold pieces
 58683 | Elf:2    | Paralysed by an air elemental for 1 turns
 58781 | Elf:2    | Found a runed translucent gate.
 58782 | Elf:2    | Found a runed translucent gate.
 58782 | Elf:2    | Found a runed translucent gate.
 59480 | Elf:3    | Entered Level 3 of the Elven Halls
 59595 | Elf:3    | Found Soha's Book Shop.
 59597 | Elf:3    | Found Mawuw's Jewellery Emporium.
 59598 | Elf:3    | Found Uwneved's Book Shop.
 61241 | Vaults:5 | Entered Level 5 of the Vaults
 61259 | Vaults:5 | Received a gift from Okawaru
 61398 | Vaults:5 | Reached skill level 27 in Fighting
 61435 | Vaults:5 | Reached skill level 5 in Throwing
 61633 | Vaults:5 | Reached XP level 24. HP: 204/249 MP: 34/34
 61962 | Vaults:5 | Received a gift from Okawaru
 62056 | Vaults:5 | Reached skill level 10 in Throwing
 62165 | Vaults:5 | Noticed a dread lich
 62177 | Vaults:5 | Killed a dread lich
 62480 | Vaults:5 | Received a gift from Okawaru
 62480 | Vaults:5 | Found the +1 cloak of Starlight {*Dazzle EV+4 Stlth--}
 62556 | Vaults:5 | Found Qohamomna's Magic Scroll Shoppe.
 62566 | Vaults:5 | Bought a scroll of revelation for 142 gold pieces
 62568 | Vaults:5 | Bought a scroll of teleportation for 57 gold pieces
 62568 | Vaults:5 | Bought a scroll of silence for 180 gold pieces
 62706 | Vaults:5 | Found Zygunip's Distillery.
 62710 | Vaults:5 | Bought a potion of haste for 120 gold pieces
 62710 | Vaults:5 | Bought 2 potions of heal wounds for 120 gold pieces
 62710 | Vaults:5 | Bought a potion of haste for 120 gold pieces
 62731 | Vaults:5 | Found Zijelapint's Distillery.
 62736 | Vaults:5 | Bought a potion of haste for 190 gold pieces
 62736 | Vaults:5 | Bought a potion of cancellation for 152 gold pieces
 62736 | Vaults:5 | Bought a potion of haste for 190 gold pieces
 62736 | Vaults:5 | Bought a potion of heal wounds for 95 gold pieces
 62736 | Vaults:5 | Bought a potion of mutation for 152 gold pieces
 62772 | Vaults:5 | Noticed a dread lich
 62779 | Vaults:5 | Killed a dread lich
 62782 | Vaults:5 | Found Xirufej's Magic Scroll Shop.
 62786 | Vaults:5 | Bought a scroll of silence for 190 gold pieces
 62786 | Vaults:5 | Bought a scroll of fog for 80 gold pieces
 62786 | Vaults:5 | Bought a scroll of teleportation for 60 gold pieces
 62786 | Vaults:5 | Bought a scroll of fear for 80 gold pieces
 62786 | Vaults:5 | Bought 2 scrolls of fog for 160 gold pieces
 62790 | Vaults:5 | Found Fetasuro's Antique Armour Emporium.
 62851 | Vaults:5 | Found Lih Goo's Book Shoppe.
 62859 | Vaults:5 | Got a silver rune of Zot
 62867 | Vaults:5 | Found Huklusch's Antique Armour Boutique.
 63002 | Vaults:5 | Noticed a dread lich
 63011 | Vaults:5 | Killed a dread lich
 63208 | Vaults:5 | Found Etuffima's Antique Weapon Shoppe.
 63368 | Vaults:5 | Noticed Saint Roka
 63382 | Vaults:5 | Killed Saint Roka
 63755 | Vaults:5 | Found Enoesh Wuar's Distillery.
 63763 | Vaults:5 | Bought a potion of mutation for 184 gold pieces
 63763 | Vaults:5 | Bought a potion of heal wounds for 115 gold pieces
 63763 | Vaults:5 | Bought a potion of curing for 69 gold pieces
 63763 | Vaults:5 | Bought a potion of curing for 69 gold pieces
 63763 | Vaults:5 | Bought a potion of curing for 69 gold pieces
 63915 | Vaults:5 | Found Nan Qogalaj's Magic Scroll Shop.
 63920 | Vaults:5 | Bought a scroll of teleportation for 57 gold pieces
 63920 | Vaults:5 | Bought a scroll of fog for 76 gold pieces
 63920 | Vaults:5 | Bought a scroll of teleportation for 57 gold pieces
 63927 | Vaults:5 | Found Utemy's Magic Scroll Emporium.
 63932 | Vaults:5 | Bought a scroll of brand weapon for 133 gold pieces
 63932 | Vaults:5 | Bought a scroll of enchant armour for 105 gold pieces
 63932 | Vaults:5 | Bought a scroll of blinking for 105 gold pieces
 63939 | Vaults:5 | Found Kumaces's Magic Scroll Boutique.
 63943 | Vaults:5 | Bought a scroll of fear for 64 gold pieces
 63943 | Vaults:5 | Bought 3 scrolls of fear for 192 gold pieces
 64295 | Zot:1    | Entered Level 1 of the Realm of Zot
 64296 | Zot:1    | Lost mutation: You are clumsy. (Dex -2) [potion of
                  | mutation]
 64296 | Zot:1    | Gained mutation: You have an increased reservoir of magic.
                  | (+10% MP) [potion of mutation]
 64296 | Zot:1    | Gained mutation: You have sharp toenails. [potion of
                  | mutation]
 64296 | Zot:1    | Gained mutation: You are partially covered in iridescent
                  | scales. (AC +2) [potion of mutation]
 64509 | Zot:1    | Reached skill level 15 in Throwing
 64738 | Zot:1    | Identified the +1 robe "Mequif" {Fly rElec Dex+2 Archmagi}
                  | (Okawaru gifted it to you on level 1 of the Realm of Zot)
 64738 | Zot:1    | Received a gift from Okawaru
 65803 | Zot:2    | Reached XP level 25. HP: 256/257 MP: 37/37
 66403 | Zot:2    | You fall into a shaft and drop 1 floor!
 67166 | Zot:3    | Received a gift from Okawaru
 67283 | Zot:2    | Acquired the +11 executioner's axe of Cuit {holy, Fragile
                  | +Blink rPois rN+}
 68156 | Zot:3    | Noticed a Killer Klown
 68162 | Zot:3    | Killed a Killer Klown
 68162 | Zot:3    | Identified the +2 chain mail of Conscience {Harm Fly rN++
                  | Int-2} (Okawaru gifted it to you on level 3 of the Realm of
                  | Zot)
 68162 | Zot:3    | Received a gift from Okawaru
 68661 | Zot:3    | Identified the +1 chain mail of the Bruised Stars {rElec}
 69303 | Zot:5    | Entered Level 5 of the Realm of Zot
 69566 | Zot:5    | Noticed an ancient lich
 69577 | Zot:5    | Killed an ancient lich
 69613 | Zot:5    | Noticed an orb of fire
 69620 | Zot:5    | Killed an orb of fire
 69626 | Zot:5    | Noticed a Killer Klown
 69668 | Zot:5    | Killed a Killer Klown
 69686 | Zot:5    | Noticed an orb of fire
 69688 | Zot:5    | Gained mutation: You sometimes lose your temper in combat.
                  | [an orb of fire]
 69689 | Zot:5    | Noticed a dread lich
 69691 | Zot:5    | Lost mutation: You sometimes lose your temper in combat.
                  | [potion of mutation]
 69691 | Zot:5    | Lost mutation: You have sharp toenails. [potion of
                  | mutation]
 69691 | Zot:5    | Gained mutation: You are agile. (Dex +4, Str/Int -1)
                  | [potion of mutation]
 69691 | Zot:5    | Noticed a Killer Klown
 69694 | Zot:5    | Killed an orb of fire
 69701 | Zot:5    | Killed a dread lich
 69701 | Zot:5    | Received a gift from Okawaru
 69702 | Zot:5    | Reached XP level 26. HP: 237/266 MP: 37/37
 69730 | Zot:5    | Identified the +0 cloak of Classification {Drain +Inv Will+
                  | Str+2} (Okawaru gifted it to you on level 5 of the Realm of
                  | Zot)
 69730 | Zot:5    | Received a gift from Okawaru
 69874 | Zot:5    | Noticed an ancient lich
 69881 | Zot:5    | Killed an ancient lich
 69885 | Zot:5    | Noticed an orb of fire
 69894 | Zot:5    | Killed an orb of fire
 69914 | Zot:5    | Reached skill level 27 in Armour
 70151 | Zot:5    | Noticed a dread lich
 70154 | Zot:5    | Killed a dread lich
 70171 | Zot:5    | Got the Orb of Zot
 70195 | Zot:5    | Noticed Ruhyfu Punta the pandemonium lord
 70404 | Depths:4 | Noticed Wuiff the pandemonium lord
 70415 | Depths:4 | Killed Wuiff the pandemonium lord
 70415 | Depths:4 | Received a gift from Okawaru
 70444 | Depths:4 | Noticed Myrhei the pandemonium lord
 70452 | Depths:4 | Killed Myrhei the pandemonium lord
 70788 | D:$      | Escaped with the Orb!

Illustrated notes

Levels and vault maps discovered:
D:1:      evilmike_arrival_hilbert_curve, layout_loops_cross
D:2:      layout_rooms, basic_altar, minmay_tromino_v4_b
D:3:      layout_loops_ring, nicolae_dithmenos_the_darkroom,
          ebering_ghost_reflecting_pool, serial_shops, nicolae_shop_crystal,
          shapermc_ecumenical_altar_flowoftime, minivault_5
D:4:      layout_cave_pools, mainiacjoe_overflow_brackets,
          mainiacjoe_overflow_alcove_4, uniq_grinder
D:5:      cheibrodos_quashed, layout_rooms, serial_shops, shop,
          nicolae_shop_clearance
D:6:      layout_loops_ring, mainiacjoe_overflow_alcove_1,
          mainiacjoe_overflow_cross_hatched
D:7:      minmay_recursive_quarters, layout_layer_cave,
          grunt_temple_overflow_growth_and_decay, lemuel_round_altar,
          cheibriados_altar_1, lemuel_tele_altar, minmay_temple_entry_large_hall
D:8:      layout_cave_pods, dk_xom_monty_hall, erik_lair_island,
          ebering_ghost_inner_flame
D:9:      layout_rooms, yredelemnul_forgotten_temple_becter,
          mainiacjoe_overflow_surrounded_room, trog_wizard, grunt_ministairs_15,
          minmay_crystal_water, uniq_pikel
D:10:     layout_roguey, orc_0_dummy, chequers_serial_rivers_small_a,
          minmay_misc_feat_rows, uniq_erica, uniq_urug
D:11:     layout_basic, serial_shops, nicolae_shop_window_shopping,
          minivault_16, nicolae_underground_beach
D:12:     layout_stronghold, nicolae_shop_fire_sale [nicolae_sub_dead_trees],
          minmay_misc_feat_diagonals, uniq_lodul, uniq_josephine, uniq_frances
D:13:     layout_irregular_city, hellmonk_vaults_attempted_burglary,
          nicolae_benzene_ring, minmay_misc_feat_rugged
D:14:     layout_stronghold, okawaru_trees_2, vehumet_crystals
D:15:     grunt_enter_depths_hoard, layout_small_grid
Temple:   corrupted_temple
Lair:1:   layout_loops_ring, uniq_amaemon
Lair:2:   nzn_winding_woodlands_large [nzn_winding_woodlands_5x5_checkerboard,
          nzn_winding_woodlands_5x15_jagged, nzn_winding_woodlands_5x5_three,
          nzn_winding_woodlands_center_garden,
          nzn_winding_woodlands_15x15_eel_pit,
          nzn_winding_woodlands_center_lodge,
          nzn_winding_woodlands_5x5_perimeter,
          nzn_winding_woodlands_5x15_pathside_ponds,
          nzn_winding_woodlands_5x5_cross], layout_regular_city,
          nicolae_spider_entry_orb_guardian, gauntlet_entry_generic
Lair:3:   layout_regular_city, elwin_shoals_entry_rooms, gammafunk_ghost_grave,
          minmay_stone_trees_small, serial_bayou_shore_a
Lair:4:   beast_lair_carwin_large_1, layout_layer_cave,
          nzn_masters_of_martial_movement
Lair:5:   gammafunk_lair_ancient_temple, layout_misc_corridors,
          nicolae_slime_entry_slimehenge, columned_hall_lemuel
Shoals:1: layout_shoals
Shoals:2: layout_shoals, serial_shops, nicolae_square_shop,
          gammafunk_ghost_cemetery
Shoals:3: cheibrodos_shoals_three_sisters, layout_shoals
Shoals:4: shoals_end_hellmonk_holy_island, uniq_polyphemus, uniq_nikola
Spider:1: layout_chambers
Spider:2: layout_spider_delve, hellmonk_deceptive_appearances, uniq_jorgrun
Spider:3: layout_spider_delve
Spider:4: grunt_spider_rune_circles, hangedman_spider_tarantella_strand
Orc:1:    layout_caves, nicolae_volcano_entry_hallway, uniq_gastronok,
          uniq_snorg, uniq_maurice
Orc:2:    st_orc_mages, layout_diamond_mine
Elf:1:    eino_elf_arrival_shootout, layout_loops_cross, enter_trove_1,
          portal_ice_cave_entry_pillars_four, evilmike_minifort
Elf:2:    nicolae_elf_blades_splatter_lattice
          [nicolae_blade_entry_area_security], layout_loops_corners,
          uniq_louise, uniq_norris
Elf:3:    minmay_elf_hall_dome, layout_onion_city, minmay_shop_grove
Vaults:1: portal_desolation_entry_nicolae_slug, ontoclasm_vaults_claustrophobia,
          nicolae_vaults_house_1, v_pattern_4, nicolae_vaults_double_plus_2,
          v_rooms_5, hangedman_vaults_maws, v_alt_pattern_4,
          hangedman_vaults_capsules, v_misc_5, nicolae_vaults_cornered_office,
          layout_vaults_maze_bifur, serial_shops, shop, nicolae_shop_waterfront,
          nicolae_shop_behind_doors, nicolae_shop_peninsula
Vaults:2: ontoclasm_vaults_ring_small, v_misc_5, vaults_room_pools,
          nicolae_vaults_diffraction_hallways, nicolae_vaults_theta,
          nicolae_vaults_house_1, nicolae_vaults_little_squares_4,
          grunt_vaults_funnel, nicolae_vaults_rhombus_6,
          dpeg_vaults_monster_box, nicolae_vaults_tetromino_L_1,
          layout_vaults_big_room, serial_shops, shop
Vaults:3: vaults_mumra_hex, nicolae_vaults_prndl, nicolae_vaults_tetromino_L_1,
          nicolae_vaults_network_quinsquares
          [nicolae_vaults_network_quincunx_subvault,
          nicolae_vaults_network_quincunx_subvault,
          nicolae_vaults_network_quincunx_subvault,
          nicolae_vaults_network_quincunx_subvault], vaults_room_semicircle,
          nicolae_vaults_network_barrier, nicolae_vaults_swerve,
          hangedman_vaults_pinch, minmay_crypt_entry_simple_statues,
          ontoclasm_vaults_chip, nicolae_vaults_specimen_jars,
          nicolae_vaults_three_branches, vaults_dpeg_cross,
          nicolae_vaults_trapezoid_lopsided_3, layout_vaults_ring, serial_shops,
          nicolae_shop_mannequins, uniq_asterion, uniq_zenata
Vaults:4: nicolae_vaults_spaceships, ontoclasm_vaults_chip, v_misc_25,
          v_misc_25, vaults_room_pools, v_misc_16, nicolae_vaults_network_star,
          layout_vaults_omnigrid, serial_shops, shop, nicolae_shop_crystal,
          nicolae_shop_tiny_statue_garden, nicolae_shop_window_shopping, shop
Vaults:5: uniq_saint_roka
Depths:1: minmay_guarded_unrand_majin_bo, layout_gridville, enter_ziggurat_e,
          hellmouth_3, nicolae_two_hexagons, dispersion_dpeg
Depths:2: wad_courtyard, layout_long_grid, hell_entry, serial_shops,
          nicolae_shop_advertising_works [nicolae_subvault_shop_adworks],
          pan_entry, minmay_misc_feat_nine_boxes, hex_subvault_rooms_two,
          infiniplex_staircase_diamond
Depths:3: minmay_four_inscribed_fans, layout_honeycomb,
          pf_hell_entry_tar_spiral, hangedman_abyss_or_decor_clamps,
          nicolae_abyss_entry_one_way_or_another,
          infiniplex_staircase_door_maze, uniq_vv
Depths:4: grunt_runaround [grunt_runaround_doors_1, grunt_runaround_doors_2,
          grunt_runaround_doors_3, grunt_runaround_doors_4,
          grunt_runaround_zot], hell_entry
Zot:1:    kennysheep_room_grid, layout_cathedral_of_symmetry, uniq_josephina
Zot:2:    layout_cathedral_of_symmetry
Zot:3:    hangedman_orp_of_zott, layout_onion_interference
Zot:4:    minmay_elemental_castle, layout_misc_corridors
Zot:5:    layout_misc_corridors, st_stairs_6

Skill      XL: |  1  2  3  4  5  6  7  8  9 10 11 12 13 14 15 16 17 18 19 20 21 22 23 24 25 26 |
---------------+-------------------------------------------------------------------------------+-----
Fighting       | 3 4 5 6 7 9 10 11 12 14 15 17 18 19 21 22 27 | 27.0
Axes           | 4 5 11 14 16 17 18 20 21 22 23 24 | 24.3
Short Blades   | 1 2 |  2.0
Armour         | 1 2 3 5 6 8 9 10 12 13 15 16 17 19 21 22 25 27 | 27.0
Dodging        | 4 6 7 8 10 11 12 13 14 16 18 21 22 | 22.0
Invocations    | 4 7 8 9 10 11 12 13 14 15 16 17 | 17.5
Evocations     | 3 6 8 9 10 12 | 12.0
Throwing       | 6 15 16 | 16.0

Action                     |  1- 3 |  4- 6 |  7- 9 | 10-12 | 13-15 | 16-18 | 19-21 | 22-24 | 25-27 || total
---------------------------+-------+-------+-------+-------+-------+-------+-------+-------+-------++-------
  Melee: Whip              |    13 |       |       |       |       |       |       |       |       ||    13
         Headbutt          |    13 |    23 |    72 |    89 |   238 |   283 |   339 |   252 |   131 ||  1440
         Dagger            |   103 |   117 |   197 |       |       |       |       |       |       ||   417
         Punch             |     2 |       |     2 |     4 |       |       |       |       |       ||     8
         Falchion          |       |       |    13 |       |       |       |       |       |       ||    13
         War axe           |       |       |    61 |     9 |       |       |       |       |       ||    70
         Hand axe          |       |       |    22 |   130 |       |       |       |       |       ||   152
         Battleaxe         |       |       |       |   290 |   903 |  1188 |   952 |   192 |       ||  3525
         Executioner's axe |       |       |       |       |       |       |   141 |   741 |   401 ||  1283
  Throw: Dart              |       |     1 |     5 |     7 |     1 |       |       |       |       ||    14
         Throwing net      |       |       |     1 |       |       |       |       |       |       ||     1
 Invoke: Heroism           |       |       |       |    11 |     4 |     7 |     6 |    11 |     9 ||    48
         Finesse           |       |       |       |     2 |     2 |     1 |     1 |     2 |     4 ||    12
  Evoke: Wand              |       |       |     6 |     3 |    13 |    31 |     9 |     6 |       ||    68
         Lightning rod     |       |       |       |     4 |    17 |    11 |     9 |     1 |     4 ||    46
         Phial of floods   |       |       |       |       |       |     2 |     2 |     1 |     2 ||     7
         Tin of tremorston |       |       |       |       |       |       |       |       |     2 ||     2
    Use: Scroll            |     2 |       |       |    15 |     5 |    15 |    12 |    10 |    21 ||    80
         Potion            |       |     1 |       |     1 |       |     6 |     4 |     7 |    16 ||    35
   Stab: Paralysed         |       |       |       |     2 |       |       |     1 |     2 |       ||     5
         Distracted        |       |       |       |     1 |       |       |     1 |    15 |     7 ||    24
         Petrified         |       |       |       |       |     3 |     4 |       |       |       ||     7
         Sleeping          |       |       |       |       |       |     1 |       |     1 |       ||     2
 Armour: Leather armour    |     7 |       |       |       |       |       |       |       |       ||     7
         Scale mail        |    35 |    31 |       |       |       |       |       |       |       ||    66
         Chain mail        |       |     3 |   176 |   123 |       |   188 |       |       |       ||   490
         Quicksilver drago |       |       |       |    44 |   327 |    51 |       |       |       ||   422
         Ring mail         |       |       |       |       |       |   144 |   247 |   173 |    20 ||   584
         Gold dragon scale |       |       |       |       |       |       |       |       |   102 ||   102
  Dodge: Dodged            |    69 |    57 |   132 |   169 |   475 |  1191 |   750 |   555 |   273 ||  3671
         Repelled          |       |       |       |       |       |    17 |    20 |    24 |    22 ||    83
  Block: Other             |       |       |       |       |   118 |   256 |   239 |   177 |    56 ||   846
         Reflection        |       |       |       |       |    10 |    30 |    16 |    18 |     1 ||    75

Table legend: (Time is in decaauts)
 A = Elapsed time spent in this place.
 B = Non-inter-level travel time spent in this place.
 C = Inter-level travel time spent in this place.
 D = Time resting spent in this place.
 E = Time spent auto-exploring this place.
 F = Levels seen in this place.
 G = Mean time per level.
                   A        B        C        D        E       F      G
               +--------+--------+--------+--------+--------+-----+--------+
         Total |  69720 |  61569 |   8151 |   8725 |  37961 |  53 | 1315.5 |
       Dungeon |  18914 |  15023 |   3891 |   1169 |  10918 |  15 | 1260.9 |
        Temple |     28 |     12 |     16 |      0 |      0 |   1 |   28.0 |
          Lair |   8187 |   7338 |    849 |    798 |   4903 |   5 | 1637.4 |
        Shoals |   5909 |   5447 |    462 |   1000 |   2992 |   4 | 1477.2 |
   Spider Nest |   4657 |   4402 |    255 |    911 |   2543 |   4 | 1164.2 |
  Orcish Mines |   2531 |   2074 |    457 |    346 |   1108 |   2 | 1265.5 |
   Elven Halls |   3141 |   2909 |    232 |      0 |   2328 |   3 | 1047.0 |
        Vaults |   9065 |   8062 |   1003 |   1281 |   4902 |   5 | 1813.0 |
        Depths |   8671 |   8037 |    634 |   1778 |   4255 |   4 | 2167.8 |
           Zot |   5856 |   5508 |    348 |    993 |   3269 |   5 | 1171.2 |
         Trove |     61 |     61 |      0 |      0 |      0 |   1 |   61.0 |
      Ice Cave |    873 |    873 |      0 |    181 |    477 |   1 |  873.0 |
       Volcano |    371 |    371 |      0 |     56 |      0 |   1 |  371.0 |
    Desolation |    726 |    726 |      0 |    109 |     89 |   1 |  726.0 |
      Gauntlet |    723 |    723 |      0 |    100 |    174 |   1 |  723.0 |
               +--------+--------+--------+--------+--------+-----+--------+

Top non-repeatable levels by time:
Depths:2: 2736 daAuts
Vaults:5: 2652 daAuts
Depths:4: 2450 daAuts
  Lair:2: 2000 daAuts
Vaults:3: 1849 daAuts
  Lair:3: 1825 daAuts
Depths:1: 1814 daAuts
     D:7: 1758 daAuts
     D:8: 1709 daAuts
Vaults:2: 1688 daAuts
Depths:3: 1670 daAuts
     D:3: 1627 daAuts
  Lair:4: 1626 daAuts
Shoals:4: 1608 daAuts
Vaults:1: 1530 daAuts
